[Event "Late-Titled-Tuesday-Blitz-January-23-2024"]
[Site "Chess.com"]
[Date "2024.01.23"]
[Round "10"]
[White "BeanScreen"]
[Black "OparinGrigoriy"]
[Result "0-1"]
[WhiteElo "2729"]
[BlackElo "3008"]
[TimeControl "180+1"]
[EndTime "15:51:41 PST"]
[Termination "OparinGrigoriy won by resignation"]

1. e4 c6 2. d4 d5 3. exd5 cxd5 4. Bd3 Nf6 5. c3 Nc6 6. Bf4 Bg4 7. Qb3 Qd7 8. Nd2 e6 9. Ngf3 Bd6 10. Bxd6 Qxd6 11.
O-O O-O 12. Rfe1 Qc7 13. Qc2 Rac8 14. Rac1 Bh5 15. Ne5 Bg6 16. Nxg6 hxg6 17. Nf3 b5 18. Bxb5 Ne4 19. Bd3 Nd6 20. Qd2 Rb8 21. Ng5 Nf5 22.
g3 Rfe8 23. Qe2 Nce7 24. h4 Nh6 25. h5 gxh5 26. Qxh5 Nef5 27. Bxf5 exf5 28. Qf3 Qc6 29. b3 f6 30. Nh3 Re4 31. Nf4 Rbe8 32. Nd3 g5 33. Qh5 Kg7 34. Kf1 Ng4 35. Rxe4 dxe4 36. d5 Qd7 37. Nc5 Qb5+ 38. c4 Qxc5 39. Rc2 Rh8 0-1

[Event "Late-Titled-Tuesday-Blitz-January-23-2024"]
[Site "Chess.com"]
[Date "2024.01.23"]
[Round "10"]
[White "ValeriyGrinev"]
[Black "Viktor_Poddubnyi"]
[Result "1-0"]
[WhiteElo "2549"]
[BlackElo "2292"]
[TimeControl "180+1"]
[EndTime "15:51:44 PST"]
[Termination "ValeriyGrinev won on time"]

1. e4 g6 2. Nf3 Bg7 3. Nc3 c5 4. h4 h6 5. d3 Nf6 6. e5 Ng4 7. Bf4 Nc6 8. Qe2 O-O 9. O-O-O d6 10. exd6 exd6 11. Qd2 Be6 12. a3 b5 13. Ne4 Nce5 14. Nxe5 dxe5 15. Bg3 b4 16. a4 b3 17. c4 Rc8 18. f3 Nf6 19. Nxf6+ Qxf6 20. h5 g5 21. Re1 Qf5 22. Be2 Rfd8 23. Qc3 e4 24.
dxe4 Bxc3 25. exf5 Bxe1 26. Rxe1 Bxf5 27. Bd1 Bc2 28. Bxc2 bxc2 29. Kxc2 Re8 30. Rxe8+ Rxe8 31. Kd3 f5 32. Bc7 Rc8 33. Be5 Kf7 34. b3 Ke6 35. Bg7 Kf7 36. Bxh6 Rh8 37. Bxg5 Rxh5 38. Be3 Rh2 39.
g4 fxg4 40. fxg4 Rg2 41. g5 Rg3 42. Ke4 Ke6 43. Bxc5 Rxb3 44. Bxa7 Rb4 45. Kd4 Rxa4 46. Bb6 Kf5 47. Bd8 Kg6 48. Bf6 1-0

[Event "Late-Titled-Tuesday-Blitz-January-23-2024"]
[Site "Chess.com"]
[Date "2024.01.23"]
[Round "10"]
[White "VitaliyChayka"]
[Black "olawsson"]
[Result "1-0"]
[WhiteElo "2398"]
[BlackElo "2166"]
[TimeControl "180+1"]
[EndTime "15:51:45 PST"]
[Termination "VitaliyChayka won on time"]

1. d4 d6 2. Bf4 Nc6 3. Nf3 Bg4 4. e3 e5 5. dxe5 dxe5 6. Qxd8+ Rxd8 7. Bg3 a6 8. a3 f6 9. Nc3 Bc5 10. Bc4 b5 11. Ba2 h5 12. h3 Bf5 13. e4 Bh7 14.
Bd5 Nge7 15. O-O-O g5 16. Rhe1 h4 17. Bh2 Bxf2 18. Re2 Bc5 19. b4 Bb6 20. Bg1 Bxg1 21. Rxg1 Nd4 22. Rd2 Nxd5 23. Nxd5 Nxf3 24. gxf3 Kf7 25.
Nxc7 Rxd2 26. Kxd2 a5 27. Nd5 axb4 28. axb4 Ra8 29.
Rc1 1-0

[Event "Late-Titled-Tuesday-Blitz-January-23-2024"]
[Site "Chess.com"]
[Date "2024.01.23"]
[Round "10"]
[White "katharinareinecke"]
[Black "JaackCamel"]
[Result "0-1"]
[WhiteElo "1979"]
[BlackElo "2149"]
[TimeControl "180+1"]
[EndTime "15:51:46 PST"]
[Termination "JaackCamel won on time"]

1. d4 d5 2. c4 e6 3. Nf3 c6 4. g3 dxc4 5. Bg2 b5 6. O-O Bb7 7. b3 cxb3 8. axb3 c5 9. Bb2 Nf6 10. Na3 a6 11. Qc2 Nbd7 12. Ne5 Bxg2 13. Kxg2 Rc8 14.
Qd2 Be7 15. dxc5 Nxc5 16. Qxd8+ Bxd8 17. b4 Na4 18. Bd4 O-O 19. Rfc1 Be7 20. Nc2 Rfd8 21. e3 Nd5 22. Nd3 h6 23. Nce1 Kf8 24. Nc2 f6 25.
e4 Ndb6 26. Nc5 Nxc5 27. bxc5 Na4 28. Rd1 Kf7 0-1

[Event "Late-Titled-Tuesday-Blitz-January-23-2024"]
[Site "Chess.com"]
[Date "2024.01.23"]
[Round "10"]
[White "Rdeux42"]
[Black "Fh2411"]
[Result "0-1"]
[WhiteElo "2429"]
[BlackElo "2569"]
[TimeControl "180+1"]
[EndTime "15:51:47 PST"]
[Termination "Fh2411 won by resignation"]

1. d4 d5 2. Nf3 c6 3. c4 Nf6 4. Nc3 dxc4 5. a4 Bf5 6. e3 e6 7. Bxc4 Bb4 8. O-O Nbd7 9. Bd2 a5 10. Re1 O-O 11. h3 Bg6 12. Ne2 Bd6 13. Nh4 Bh5 14.
Nf3 Nd5 15. Nc3 Nb4 16. Be2 Bg6 17. e4 e5 18. Bc4 exd4 19. Nxd4 Ne5 20. Bf1 Bc5 21.
Be3 Ned3 22. Bxd3 Bxd4 23. Bf1 Bxe3 24. Rxe3 Qb6 25. Qe2 Rad8 26. Rd1 Rxd1 27. Qxd1 Rd8 28. Qe2 h6 29. Kh2 Qc7+ 30. g3 Qd6 31. f4 Qd2 32.
Qxd2 Rxd2+ 33. Re2 Rd4 34. f5 Bh7 35. Kg2 f6 36. Kf2 Kf8 37. Ke1 Bg8 38. Rd2 Rxd2 39. Kxd2 Ke7 40. Ke3 Kd6 41. Kd4 Bb3 42. Bc4 Nc2+ 43. Kd3 Nb4+ 44. Kd4 c5+ 45. Ke3 Bxc4 0-1

[Event "Late-Titled-Tuesday-Blitz-January-23-2024"]
[Site "Chess.com"]
[Date "2024.01.23"]
[Round "10"]
[White "Fernando_Offermann"]
[Black "youngdinousaur"]
[Result "1/2-1/2"]
[WhiteElo "2477"]
[BlackElo "2351"]
[TimeControl "180+1"]
[EndTime "15:51:50 PST"]
[Termination "Game drawn by repetition"]

1. Nf3 Nf6 2. g3 e6 3. Bg2 d5 4. O-O Be7 5. d3 O-O 6. Nbd2 c5 7. e4 Nc6 8. Re1 b5 9. a4 b4 10. e5 Nd7 11. Nf1 Bb7 12. h4 Qc7 13. Bf4 c4 14. d4 c3 15. b3 Qb6 16. h5 h6 17. N1h2 Ba6 18. Ng4 Rfc8 19. Bf1 Bf8 20. Bxa6 Qxa6 21. Kg2 Ne7 22. Qc1 Nf5 23. Ne3 Nxe3+ 24. Qxe3 Nb8 25. g4 Nc6 26. g5 hxg5 27. Bxg5 Ne7 28. Nh4 Rc7 29.
h6 g6 30. Rh1 Kh7 31. Rae1 Nf5 32. Qf4 Be7 33. Nxf5 gxf5 34. Bxe7 Rxe7 35. Qh4 Rg8+ 36. Kf3 Qb7 37. Reg1 Rg6 38. Rxg6 fxg6 39. Qf6 Qd7 40. Rg1 Qe8 41. Rxg6 Qxg6 42. Qxe7+ Kxh6 43. Qh4+ Qh5+ 44. Qxh5+ Kxh5 45. Kg3 Kg5 46. a5 f4+ 47. Kh3 Kf5 48. f3 Kg5 49. a6 Kh5 50. Kh2 Kg5 51. Kh3 Kh5 52. Kh2 Kg5 53. Kh3 1/2-1/2

[Event "Late-Titled-Tuesday-Blitz-January-23-2024"]
[Site "Chess.com"]
[Date "2024.01.23"]
[Round "10"]
[White "egnfanclub"]
[Black "Sjakkerntobi"]
[Result "0-1"]
[WhiteElo "2380"]
[BlackElo "2514"]
[TimeControl "180+1"]
[EndTime "15:51:51 PST"]
[Termination "Sjakkerntobi won by resignation"]

1. e4 e6 2. d4 d5 3. Nc3 Bb4 4.
Ne2 Nc6 5. a3 Ba5 6. b4 Bb6 7.
Be3 Nge7 8. e5 O-O 9. h4 Nf5 10. Ng3 Nxe3 11. fxe3 f6 12. exf6 Qxf6 13. Qd2 Nxd4 14.
exd4 Bxd4 15. Nge2 Qf2+ 16. Kd1 Qxf1+ 17. Rxf1 Rxf1+ 18. Qe1 Rxe1+ 19. Kxe1 Bf6 20. g3 c6 21. Rd1 e5 22. Kf2 Bg4 23. Re1 Rf8 24. Kg2 e4 25. Nd1 Be5 26. c3 b6 27. Nd4 Bxd4 28. cxd4 Bxd1 29.
Rxd1 b5 30. Rc1 Rf6 31. Rc3 Kf7 32. g4 Ke7 33. g5 Re6 34. Kf2 Kd6 35. a4 bxa4 36.
Ke3 Re7 37. Ra3 Rb7 38. Rxa4 h6 39. Ra6 hxg5 40. hxg5 Rxb4 41. Rxa7 Rb3+ 42. Kf4 Rf3+ 43. Kg4 Rf8 44. g6 e3 45. Ra3 Re8 46. Ra1 Re4+ 47.
Kf3 Rxd4 48. Ra7 Re4 49. Ke2 Re7 50. Ra8 Kc5 51. Rf8 d4 52. Rf7 Kd6 53. Kd3 Rxf7 54. gxf7 Ke7 55. Kxd4 e2 0-1

[Event "Late-Titled-Tuesday-Blitz-January-23-2024"]
[Site "Chess.com"]
[Date "2024.01.23"]
[Round "10"]
[White "Maect19"]
[Black "C_K_G"]
[Result "1-0"]
[WhiteElo "2320"]
[BlackElo "2148"]
[TimeControl "180+1"]
[EndTime "15:51:54 PST"]
[Termination "Maect19 won on time"]

1. c4 e5 2. Nc3 Bc5 3. g3 Nc6 4. Bg2 a6 5. d3 d6 6. Nf3 Nge7 7. O-O O-O 8. a3 Ba7 9. b4 Bg4 10. h3 Bh5 11. Rb1 Nf5 12. g4 Ng3 13. Re1 Bg6 14.
e3 f5 15. fxg3 fxg4 16. hxg4 Qd7 17. Nh4 Rf7 18. Nxg6 hxg6 19. Bd5 Rf8 20. Rf1 Nd8 21. Bd2 Ne6 22. Qe2 c6 23. Bxe6 Qxe6 24. Rxf7 Rxf7 25.
Rf1 Rxf1+ 26. Kxf1 d5 27. c5 Bb8 28. e4 d4 29. Na4 Bc7 30. Nb6 Bd8 31. Nc4 Bc7 32. Qf3 Kh7 33. Kg2 Qd7 34. Bg5 Qe6 35. Kh3 a5 36. Qf8 axb4 37. axb4 Qd7 38. Qe7 Qc8 39. Bf6 1-0

[Event "Late-Titled-Tuesday-Blitz-January-23-2024"]
[Site "Chess.com"]
[Date "2024.01.23"]
[Round "10"]
[White "GMKrikor"]
[Black "1mbl4"]
[Result "0-1"]
[WhiteElo "2768"]
[BlackElo "2610"]
[TimeControl "180+1"]
[EndTime "15:51:57 PST"]
[Termination "1mbl4 won by checkmate"]

1. Nf3 Nf6 2. c4 g6 3. Nc3 Bg7 4. e4 d6 5. d4 O-O 6. h3 e5 7. d5 Na6 8. Be3 Nc5 9. Nd2 a5 10. g4 h5 11. Be2 hxg4 12. hxg4 c6 13. g5 Nh7 14. Nf3 a4 15. Qd2 cxd5 16. Nxd5 Nxe4 17. Qc2 Nexg5 18. Nxg5 Nxg5 19. O-O-O Bf5 20. Bd3 Bxd3 21. Qxd3 Ne6 22. Kb1 a3 23. b3 Nd4 24. f4 Re8 25. fxe5 dxe5 26. Rdf1 b5 27. Bh6 bxc4 28.
Qh3 Qxd5 29. Re1 cxb3 30. Bxg7 bxa2+ 31. Ka1 Nc2# 0-1

[Event "Late-Titled-Tuesday-Blitz-January-23-2024"]
[Site "Chess.com"]
[Date "2024.01.23"]
[Round "10"]
[White "otrov-11"]
[Black "nindjaxx8"]
[Result "1-0"]
[WhiteElo "2509"]
[BlackElo "2605"]
[TimeControl "180+1"]
[EndTime "15:52:02 PST"]
[Termination "otrov-11 won on time"]

1. d4 d5 2. c4 e6 3. Nf3 Nf6 4. g3 Be7 5. Bg2 O-O 6. O-O b6 7. cxd5 exd5 8. Nc3 Bb7 9. Ne5 Nbd7 10. Qa4 Nb8 11.
Bg5 c6 12. Rad1 b5 13. Qc2 Nbd7 14. e4 b4 15. Nxd7 Qxd7 16. Bxf6 Bxf6 17. Na4 Rae8 18. Nc5 Qc7 19. Nxb7 Qxb7 20. exd5 cxd5 21. Qf5 Rd8 22.
Rfe1 b3 23. a3 Qb6 24. Bxd5 Bxd4 25. Re7 Bxb2 26. Rxf7 Rxf7 27. Qxf7+ Kh8 28. Re1 Qb5 29. Bxb3 Bxa3 30. Bc4 Qc6 31. Bd5 Qc8 32. h4 Bc5 33. Qh5 Rf8 34. Re2 1-0

[Event "Late-Titled-Tuesday-Blitz-January-23-2024"]
[Site "Chess.com"]
[Date "2024.01.23"]
[Round "10"]
[White "ItalianMachine"]
[Black "Herman-NY"]
[Result "0-1"]
[WhiteElo "2365"]
[BlackElo "2489"]
[TimeControl "180+1"]
[EndTime "15:52:02 PST"]
[Termination "Herman-NY won by resignation"]

1. e4 e5 2. Nf3 Nc6 3. Bb5 a6 4. Ba4 Nf6 5. O-O Be7 6. Re1 b5 7. Bb3 O-O 8. a4 b4 9. d3 d6 10. h3 Na5 11. Ba2 c5 12. Nbd2 h6 13. Nc4 Nxc4 14. Bxc4 Be6 15. Bxe6 fxe6 16. Nh2 Qe8 17. Rf1 Nh5 18. Qg4 Qf7 19. Bxh6 a5 20. Bd2 Nf6 21.
Qe2 Qg6 22. f4 Nh5 23. f5 exf5 24. exf5 Ng3 25. Qf3 Nxf5 26. Qd5+ Kh8 27. Rf2 Bh4 28. Rf3 Nd4 29. Rxf8+ Rxf8 30. Ng4 Nxc2 31. Rc1 Nd4 32. Re1 Bxe1 33. Bxe1 Qxd3 34. Qxd6 Ne2+ 35. Kh2 Qxd6 0-1

[Event "Late-Titled-Tuesday-Blitz-January-23-2024"]
[Site "Chess.com"]
[Date "2024.01.23"]
[Round "10"]
[White "Kamilek84"]
[Black "jefferyx"]
[Result "0-1"]
[WhiteElo "2723"]
[BlackElo "2981"]
[TimeControl "180+1"]
[EndTime "15:52:03 PST"]
[Termination "jefferyx won on time"]

1. e4 c5 2. Nf3 d6 3. Bc4 Nf6 4. d3 e6 5. Bb3 Be7 6. c3 O-O 7. O-O b5 8. Re1 Bb7 9. Bc2 Nbd7 10. d4 Qc7 11. Nbd2 cxd4 12. cxd4 Rac8 13. Bd3 a6 14. Nf1 e5 15. d5 Nc5 16. Bb1 a5 17. Ng3 g6 18.
Bh6 Rfe8 19. Qd2 Ng4 20. Bg5 Qd8 21. Bxe7 Qxe7 22. h3 Nf6 23. Qxa5 Ra8 24. Qb4 Ra4 25. Qc3 Rc8 26. Qe3 b4 27. Bc2 Raa8 28. a3 bxa3 29. Rxa3 Rab8 30. b4 Ncd7 31. Bd3 Qd8 32. Nh4 Nxd5 33.
exd5 Qxh4 34. Ra7 Nf6 35. Rxb7 Rxb7 36. Ba6 Qxb4 37. Bxb7 Qxb7 38. Rd1 Rc4 39. Qg5 Rf4 40. Rc1 Qxd5 41. Qh6 Qb7 42. Rd1 Qb6 43. Rd2 Qb4 44.
Rc2 Qb1+ 45. Kh2 Qxc2 0-1

[Event "Late-Titled-Tuesday-Blitz-January-23-2024"]
[Site "Chess.com"]
[Date "2024.01.23"]
[Round "10"]
[White "reevecanada"]
[Black "AlexPapasimakopoulos"]
[Result "0-1"]
[WhiteElo "2638"]
[BlackElo "2766"]
[TimeControl "180+1"]
[EndTime "15:52:03 PST"]
[Termination "AlexPapasimakopoulos won by resignation"]

1. e4 e6 2. Nf3 d5 3. Nc3 Nf6 4. e5 Nfd7 5. d4 c5 6. Bg5 Qb6 7.
dxc5 Bxc5 8. Qd2 Nc6 9. O-O-O Bxf2 10. Na4 Qa5 11. Qxf2 Qxa4 12. Kb1 h6 13. Bc1 Ndxe5 14. Nxe5 Nxe5 15. Qg3 Ng6 16. b3 Qh4 17. Qd6 Qe7 18. Qg3 O-O 19. h4 Qf6 20. h5 Ne7 21. Bb2 Nf5 22. Qf4 Qg5 23. Qf3 Bd7 24. g4 Ne3 25.
Bc1 Qxg4 26. Qxe3 Qxd1 27. Rg1 Qxh5 28. Be2 Qh4 29. Rg4 Qh2 30. Bb2 f6 31. Bf3 Rac8 32. Rg2 Qh1+ 33. Rg1 Qh3 34. Qf2 Qf5 35. Bc1 Rc3 36.
Qg2 g5 37. Bd1 Rfc8 38. Rf1 Qg6 39. Bb2 Kg7 40. Qd2 Bb5 41. Rf2 Rxc2 42. Bxc2 Rxc2 43.
Bxf6+ Kh7 44. Qxc2 Bd3 45. Bb2 Bxc2+ 46. Rxc2 Qe4 47.
a4 h5 48. Bc1 g4 49. Kb2 h4 50. Rc7+ Kg6 51. Rxb7 g3 52. Rxa7 Qd4+ 0-1

[Event "Late-Titled-Tuesday-Blitz-January-23-2024"]
[Site "Chess.com"]
[Date "2024.01.23"]
[Round "10"]
[White "GlavkonVVS"]
[Black "mbchess97"]
[Result "1-0"]
[WhiteElo "2513"]
[BlackElo "2349"]
[TimeControl "180+1"]
[EndTime "15:52:03 PST"]
[Termination "GlavkonVVS won on time"]

1. c4 Nf6 2. Nc3 e6 3. g3 d5 4. Bg2 Be7 5. Nf3 O-O 6. O-O Nbd7 7. d3 c6 8. b3 a5 9. Bb2 e5 10. cxd5 cxd5 11. Nb5 Qb6 12. a4 e4 13. Nfd4 Nc5 14.
Ba3 Bg4 15. h3 Bd7 16. Rc1 Rac8 17. g4 h6 18. Nf5 Bxf5 19. gxf5 Rfe8 20. d4 Nxa4 21.
bxa4 Bxa3 22. Rxc8 Rxc8 23. Nxa3 Qb4 24. Nb5 Rc4 25.
e3 Qxa4 26. Qxa4 Rxa4 27. Rb1 Rb4 28. Rxb4 axb4 29. Kf1 Ne8 30. Ke2 Kf8 31. f3 exf3+ 32. Bxf3 Nf6 33. Kd3 Ke7 34. Kc2 g6 35. fxg6 fxg6 36.
Kb3 Ke6 37. Kxb4 h5 38. Kc5 g5 39. Nc7+ Kf5 40. Nxd5 Ne4+ 41. Kb6 Nf2 42. Kxb7 Nxh3 43.
Bxh5 g4 44. Kc6 Kg5 45. Bxg4 Kxg4 46. e4 Ng5 47. Nc3 Kf4 48. Kd5 1-0

[Event "Late-Titled-Tuesday-Blitz-January-23-2024"]
[Site "Chess.com"]
[Date "2024.01.23"]
[Round "10"]
[White "Felix-Rose"]
[Black "Arteler"]
[Result "0-1"]
[WhiteElo "2325"]
[BlackElo "2518"]
[TimeControl "180+1"]
[EndTime "15:52:05 PST"]
[Termination "Arteler won by resignation"]

1. e4 e6 2. d4 d5 3. Nc3 Bb4 4. exd5 exd5 5. Bd3 c6 6. Ne2 Ne7 7. O-O Bf5 8. Ng3 Bg6 9. Nce2 O-O 10. Nf4 Nd7 11. Nxg6 hxg6 12. f4 Bd6 13. Bd2 Nf6 14. Qf3 Qd7 15. h3 Nf5 16. Nxf5 gxf5 17. Rae1 Ne4 18.
Bc1 Rfe8 19. c3 Re6 20. Re2 Rg6 21. Re3 Re8 22. Rfe1 Ree6 23. Kh1 Rg3 24. Qf1 Reg6 25. Kh2 Rxg2+ 26. Qxg2 Bxf4+ 27. Kh1 Rxg2 28. Kxg2 Bxe3 29.
Bxe3 Qd6 30. Bxe4 fxe4 31. Rf1 Qg6+ 32. Kh2 Qh5 33. Rf2 Qd1 34. Bf4 e3 35. Bxe3 Qe1 36.
Rf3 Qe2+ 37. Kg3 Qxb2 38. Bf4 Qxa2 39. h4 Qa1 40. h5 a5 41. h6 gxh6 42. Kh2 Qb2+ 43.
Kh3 a4 44. Bd6 f5 45. Rg3+ Kf7 46. Be5 a3 47. Rg7+ Kf8 48. Rh7 Qxc3+ 49. Kh2 a2 50. Rh8+ Kf7 51. Rh7+ Kg6 52. Rg7+ Kh5 53. Rg1 a1=Q 54.
Bg3 Qxg1+ 55. Kxg1 Qxg3+ 56. Kh1 Qe5 57. dxe5 Kg6 0-1

[Event "Late-Titled-Tuesday-Blitz-January-23-2024"]
[Site "Chess.com"]
[Date "2024.01.23"]
[Round "10"]
[White "M1711"]
[Black "GMG"]
[Result "0-1"]
[WhiteElo "2663"]
[BlackElo "2796"]
[TimeControl "180+1"]
[EndTime "15:52:06 PST"]
[Termination "GMG won by resignation"]

1. e4 c5 2. Nf3 e6 3. d4 cxd4 4. Bg5 f6 5. Bc1 Bc5 6. Nxd4 Qb6 7. Nb3 Bxf2+ 8. Ke2 Bh4 9. Be3 Qb5+ 10.
Kd2 Qe5 11. Nc3 Nc6 12. Bd3 Nge7 13. Qf3 Bg5 14. Raf1 O-O 15. h4 Bxe3+ 16. Qxe3 b6 17. g4 Bb7 18. g5 f5 19. exf5 Nxf5 20. Bxf5 Rxf5 21. Qxe5 Nxe5 22. Rxf5 exf5 23. Rf1 Nc4+ 24. Kc1 g6 25. Nd4 Rf8 26. b3 Ne3 27. Rf4 Ng2 28. Rf2 Nxh4 29. Ncb5 f4 30. Nxa7 f3 31. Nab5 h6 32. Nd6 Ba8 33. gxh6 g5 34. Kd2 g4 35.
Ne2 Rf6 36. Nc4 Nf5 37. Nf4 g3 38. Rf1 g2 39. Rg1 f2 40. Rxg2+ Bxg2 41. Ne3 Nxe3 0-1

[Event "Late-Titled-Tuesday-Blitz-January-23-2024"]
[Site "Chess.com"]
[Date "2024.01.23"]
[Round "10"]
[White "Brown_Mamba24"]
[Black "alexrustemov"]
[Result "0-1"]
[WhiteElo "2647"]
[BlackElo "2833"]
[TimeControl "180+1"]
[EndTime "15:52:06 PST"]
[Termination "alexrustemov won on time"]

1. d4 d5 2. Nf3 Nf6 3. c4 dxc4 4. Qa4+ Nbd7 5. g3 a6 6. Qxc4 e6 7. Bg2 b5 8. Qc6 Rb8 9. Bf4 Bb7 10. Qxc7 Qxc7 11. Bxc7 Rc8 12. Bf4 Rc2 13. Nc3 Rxb2 14. O-O Rc2 15. Rfc1 Rxc1+ 16. Rxc1 Ba3 17. Rd1 Ke7 18. Ne5 Bxg2 19. Kxg2 Rc8 20. Rd3 Bb4 21. Nxd7 Kxd7 22. Bd2 Rc4 23. Kf3 Bxc3 24. Bxc3 Nd5 25. Bd2 f5 26. e4 fxe4+ 27. Kxe4 Rc2 28. a3 Nb6 29. Kf3 Nc4 30. Bb4 a5 31. Bc5 Kc6 32.
Bf8 g6 33. h4 Kd5 34. Kg4 Rxf2 35. Bc5 Rf5 36. Rd1 h5+ 37. Kh3 e5 38. Ba7 e4 39. Re1 e3 40. a4 bxa4 41. Bc5 a3 42. Bxa3 Nxa3 43. Rxe3 Nc4 44. Re8 Kxd4 45. g4 Rf3+ 46. Kg2 hxg4 47. Rg8 Rh3 48. Rxg6 Rxh4 49.
Kg3 Rh8 50. Ra6 Rg8 51. Ra7 Kc3 0-1

[Event "Late-Titled-Tuesday-Blitz-January-23-2024"]
[Site "Chess.com"]
[Date "2024.01.23"]
[Round "10"]
[White "djano"]
[Black "Alexei_Gubajdullin"]
[Result "0-1"]
[WhiteElo "2704"]
[BlackElo "2622"]
[TimeControl "180+1"]
[EndTime "15:52:08 PST"]
[Termination "Alexei_Gubajdullin won on time"]

1. e4 e5 2. Nf3 Nf6 3. d4 Nxe4 4. dxe5 d5 5. exd6 Nxd6 6. Nc3 Be7 7. Bf4 O-O 8. Qd2 Re8 9. O-O-O Bf8 10. h4 Nc6 11.
Bd3 Nb4 12. Bg5 Nxd3+ 13. Qxd3 Qd7 14. Nd4 c6 15. Kb1 Nf5 16. Qc4 Nxd4 17. Rxd4 Qf5 18. Be3 Be6 19. Qe2 b5 20. Ne4 Bc4 21. Qf3 Qxf3 22.
gxf3 Bd5 23. Rg1 Kh8 24. h5 h6 25. Bf4 Re6 26. b3 Rae8 27. Kb2 Be7 28. c3 f5 29.
Nd2 Bf6 30. Rd3 b4 31. Kc2 bxc3 32. Nc4 Re2+ 33. Kc1 Rxa2 34. Rgd1 Ree2 0-1

[Event "Late-Titled-Tuesday-Blitz-January-23-2024"]
[Site "Chess.com"]
[Date "2024.01.23"]
[Round "10"]
[White "GiorgianBarbosa"]
[Black "Statham_01"]
[Result "0-1"]
[WhiteElo "2465"]
[BlackElo "2569"]
[TimeControl "180+1"]
[EndTime "15:52:08 PST"]
[Termination "Statham_01 won by checkmate"]

1. c4 e5 2. g3 Nf6 3. Bg2 c6 4. Nf3 e4 5. Nd4 Qb6 6. Nc2 Bc5 7. O-O d5 8. Nc3 Bd6 9. cxd5 cxd5 10. d3 exd3 11.
Qxd3 O-O 12. Bg5 Nbd7 13. Nxd5 Nxd5 14. Qxd5 Qxb2 15. Qxd6 Qxc2 16. Rac1 Qf5 17. Be3 Nf6 18. Rc5 Qe6 19. Qxe6 Bxe6 20. Bxb7 Rab8 21. Bf3 Rb2 22. a4 Ng4 23. Ra5 Rc8 24. Rxa7 h5 25. Kg2 Ra2 26. a5 Ne5 27. a6 Nxf3 28. Kxf3 Bd5+ 29. Kf4 Re8 30.
Bc5 Ra4+ 31. e4 Rexe4+ 32. Kg5 Re5# 0-1

[Event "Late-Titled-Tuesday-Blitz-January-23-2024"]
[Site "Chess.com"]
[Date "2024.01.23"]
[Round "10"]
[White "MusicCityMaster"]
[Black "howitzer14"]
[Result "0-1"]
[WhiteElo "2474"]
[BlackElo "2949"]
[TimeControl "180+1"]
[EndTime "15:52:09 PST"]
[Termination "howitzer14 won by resignation"]

1. d4 Nf6 2. c4 c5 3. d5 b5 4. cxb5 a6 5. Nc3 axb5 6. e4 b4 7. Nb5 d6 8. Bf4 Nbd7 9. Nf3 Nh5 10. Be3 g6 11. e5 dxe5 12. d6 exd6 13. Nxd6+ Bxd6 14. Qxd6 Qe7 15. Bxc5 Nxc5 16. Qc6+ Kf8 17. Qxa8 Kg7 18.
Rc1 Nf4 19. Rd1 e4 20. Nd4 Bg4 21. Qc6 Bxd1 22. Kxd1 Rd8 23. g3 Rxd4+ 24. Kc1 Nfd3+ 25. Bxd3 Nxd3+ 26. Kb1 Nxf2 27. Re1 e3 28. Qc2 Qe4 29. Qxe4 Rxe4 30. Kc2 f5 31. Re2 g5 32. a4 bxa3 33. bxa3 f4 34. gxf4 gxf4 35. Kc3 f3 36. Re1 e2 37.
Rg1+ Ng4 38. Re1 f2 0-1

[Event "Late-Titled-Tuesday-Blitz-January-23-2024"]
[Site "Chess.com"]
[Date "2024.01.23"]
[Round "10"]
[White "DonJuan_34"]
[Black "KacperPolOK"]
[Result "1-0"]
[WhiteElo "2403"]
[BlackElo "2480"]
[TimeControl "180+1"]
[EndTime "15:52:10 PST"]
[Termination "DonJuan_34 won by checkmate"]

1. d4 e6 2. e4 d5 3. exd5 exd5 4. Bf4 Nf6 5. Nc3 c6 6. Qd2 Bd6 7. O-O-O Be6 8. f3 a5 9. g4 a4 10. h4 a3 11. b3 Bb4 12. h5 Qa5 13. Nge2 Nfd7 14.
g5 c5 15. Bh3 Ra6 16. Qe3 Rc6 17. Nxd5 cxd4 18. Qxd4 Bxd5 19. Qxd5 Nc5 20. Bxb8 O-O 21.
Be5 Ra8 22. h6 Nxb3+ 23. Qxb3 Qxe5 24. Qxb4 Qe3+ 25. Qd2 Qe5 26. Qd4 Qxg5+ 27. f4 Qxh6 28. Bg2 Qe6 29. Bxc6 Qxa2 30. Qd8+ Rxd8 31. Rxd8# 1-0

[Event "Late-Titled-Tuesday-Blitz-January-23-2024"]
[Site "Chess.com"]
[Date "2024.01.23"]
[Round "10"]
[White "tigurones"]
[Black "alexgo05"]
[Result "1-0"]
[WhiteElo "2486"]
[BlackElo "2373"]
[TimeControl "180+1"]
[EndTime "15:52:13 PST"]
[Termination "tigurones won by resignation"]

1. d4 Nf6 2. c4 c6 3. Nc3 g6 4.
Nf3 Bg7 5. g3 O-O 6. Bg2 d6 7.
O-O Nfd7 8. b3 Re8 9. Bb2 a5 10. Qc2 Na6 11. a3 b6 12. d5 c5 13. e4 Nc7 14.
Ne2 b5 15. Bxg7 Kxg7 16. Nf4 Ba6 17. Rfe1 bxc4 18. bxc4 Kg8 19. h4 h5 20. Ng5 Ne5 21.
Bf1 Rb8 22. Rab1 Qd7 23. Bh3 Rxb1 24. Rxb1 Qd8 25. Bf1 Qa8 26. Nd3 Nxd3 27. Bxd3 Rb8 28.
Rxb8+ Qxb8 29. Qa4 Qb6 30. Qd7 Qb2 31. Qxe7 Qc1+ 32.
Kg2 Bxc4 33. Qxf7+ 1-0

[Event "Late-Titled-Tuesday-Blitz-January-23-2024"]
[Site "Chess.com"]
[Date "2024.01.23"]
[Round "10"]
[White "GMBenjaminBok"]
[Black "sergoy"]
[Result "1-0"]
[WhiteElo "2901"]
[BlackElo "3020"]
[TimeControl "180+1"]
[EndTime "15:52:16 PST"]
[Termination "GMBenjaminBok won by resignation"]

1. d4 Nf6 2. c4 e6 3. Nc3 Bb4 4. Qc2 O-O 5. a3 Bxc3+ 6. Qxc3 d5 7. Bg5 c5 8. dxc5 d4 9. Qf3 Nc6 10. O-O-O e5 11. Bxf6 gxf6 12. e3 Qe7 13. Ne2 Qxc5 14. exd4 exd4 15. Qd5 Qb6 16. c5 Qa5 17. Nxd4 Bg4 18.
Be2 Rad8 19. Qc4 Ne5 20. Qc2 Bxe2 21. Nxe2 Rc8 22. Rd5 b6 23. Ng3 Rfd8 24. Rxd8+ Rxd8 25. cxb6 Qxb6 26. Kb1 Rd4 27. Nf5 Rd8 28. f4 Nd3 29. Rd1 Qb5 30. g4 h5 31. a4 Qa6 32. h3 hxg4 33. hxg4 Rd5 34. Ne7+ 1-0

[Event "Late-Titled-Tuesday-Blitz-January-23-2024"]
[Site "Chess.com"]
[Date "2024.01.23"]
[Round "10"]
[White "TheMagician"]
[Black "Ducke13"]
[Result "0-1"]
[WhiteElo "2148"]
[BlackElo "2312"]
[TimeControl "180+1"]
[EndTime "15:52:16 PST"]
[Termination "Ducke13 won by resignation"]

1. e4 c5 2. Nf3 d6 3. d4 cxd4 4.
Nxd4 Nf6 5. Nc3 a6 6. Bc4 e6 7. f4 Be7 8. Bb3 b5 9. f5 e5 10.
Nde2 Bb7 11. Ng3 Nbd7 12. Bg5 Rc8 13. Bxf6 Bxf6 14. Qxd6 Rc6 15. Qd3 Nc5 16. Qxd8+ Bxd8 17. Bd5 Rd6 18. Bxb7 Nxb7 19. Nd5 O-O 20. O-O-O Bg5+ 21. Kb1 Rfd8 22. h4 Bf4 23. Ne2 Nc5 24. g3 Nxe4 25. Ne7+ Kf8 26. Rxd6 Nxd6 27. Nc6 Rc8 28. gxf4 Rxc6 29.
fxe5 Nxf5 30. c3 Rh6 31. a4 bxa4 32. Rd1 Rxh4 33. Rd8+ Ke7 34. Ra8 Re4 35. Nc1 Rxe5 36. Rxa6 h5 37. Rxa4 h4 38. Ra8 h3 39. Rh8 Nh6 40. Nd3 Rf5 0-1

[Event "Late-Titled-Tuesday-Blitz-January-23-2024"]
[Site "Chess.com"]
[Date "2024.01.23"]
[Round "10"]
[White "Piotrek1979"]
[Black "rhungaski"]
[Result "1-0"]
[WhiteElo "2408"]
[BlackElo "2493"]
[TimeControl "180+1"]
[EndTime "15:52:18 PST"]
[Termination "Piotrek1979 won by checkmate"]

1. Nf3 g6 2. g3 Bg7 3. Bg2 Nf6 4. O-O O-O 5. c4 Nc6 6. Nc3 d6 7. d3 e5 8. Rb1 a5 9. a3 h6 10. b4 axb4 11. axb4 Be6 12. Nd2 Rb8 13. b5 Ne7 14. Qc2 Qd7 15. Re1 Bh3 16. Bh1 c6 17. Nce4 Nxe4 18.
Nxe4 f5 19. Nc3 f4 20. Ba3 Nf5 21. Ne4 Nd4 22. Qd2 c5 23. Nc3 Kh8 24. Bb2 Qg4 25.
Ne4 Rbd8 26. Bxd4 exd4 27. Ra1 Be5 28. Ra7 fxg3 29. Qxh6+ Kg8 30. hxg3 Rd7 31. Bf3 Qf5 32. Ng5 Bf6 33. Bd5+ Rdf7 34. Nxf7 Rxf7 35. Bxf7+ Kxf7 36. Rxb7+ Ke6 37. Qh7 Ke5 38. f4+ Ke6 39. Qd7# 1-0